 Dungeon Crawl Stone Soup version 0.20.1-1-g8b1a95d66d (webtiles) character file.

165 Jannitor the Cutter (level 5, 0/32 HPs)
             Began as a Deep Elf Chaos Knight on Dec 13, 2017.
             Succumbed to poison (poison gas)
             ... on level 3 of the Dungeon.
             The game lasted 00:05:34 (3179 turns).

Jannitor the Cutter (Deep Elf Chaos Knight)         Turns: 3179, Time: 00:05:34

Health: 0/32       AC:  8    Str: 14    XL:     5   Next: 21%
Magic:  16/16      EV: 13    Int: 23    God:    Xom [......]
Gold:   46         SH:  0    Dex: 14    Spells: 4/4 levels left

rFire    . . .     SeeInvis .   a - +0 short sword (chaos)
rCold    . . .     Gourm    .   (no shield)
rNeg     . . .     Faith    .   b - +2 leather armour
rPois    .         Spirit   .   (no helmet)
rElec    .         Reflect  .   g - +2 cloak
rCorr    .         Harm     .   (no gloves)
MR       .....                  (no boots)
Stlth    ++........             (no amulet)
Regen    0.1/turn               e - ring of magical power
MPRegen  0.2/turn               (no ring)

@: mighty, brilliant, lethally poisoned (0 -> -4)
A: no striking features
a: Renounce Religion


You were on level 3 of the Dungeon.
You worshipped Xom.
You were a very special plaything of Xom.
You were not hungry.

You visited 1 branch of the dungeon, and saw 3 of its levels.

You collected 46 gold pieces.

Inventory:

Hand Weapons
 a - a +0 short sword of chaos (weapon)
 o - a +2 dagger of holy wrath
Armour
 b - a +2 leather armour (worn)
 g - a +2 cloak (worn)
Jewellery
 e - a ring of magical power (left hand)
Scrolls
 d - a scroll of enchant armour
 l - a scroll of teleportation {unknown}
 m - 3 scrolls of identify
 n - 3 scrolls of remove curse
 p - a scroll of fog {unknown}
Potions
 h - a potion of flight
Comestibles
 c - 2 bread rations
 f - a meat ration
 i - a chunk of flesh
 j - 4 fruits


   Skills:
 + Level 3.2 Fighting
 + Level 3.8 Short Blades
 - Level 0.7 Armour
 + Level 3.7 Dodging
 + Level 3.5 Stealth


You had 4 spell levels left.
You didn't know any spells.

Dungeon Overview and Level Annotations

Branches:
Dungeon (3/15)

Altars:
Nemelex Xobeh
Okawaru
Xom
Yredelemnul

Annotations:
D:2 exclusion: adder


Message History

Found a stone staircase leading up.
* * * LOW HITPOINT WARNING * * *
You feel sick.
* * * LOW HITPOINT WARNING * * *
You feel sick.
* * * LOW HITPOINT WARNING * * *
You feel sick.
A kobold comes into view.
* * * LOW HITPOINT WARNING * * *
You feel sick.
The kobold shouts!
The kobold throws a stone.
The stone hits you but does no damage.
You see here a stone.
* * * LOW HITPOINT WARNING * * *
You feel sick.
The kobold shouts!
* * * LOW HITPOINT WARNING * * *
You feel sick.
You die...
Xom guffaws!

.<.........##..#.#.#.
.#
..[........##..#.#.#.
.# #######
...........##..#.#.#.
.. #⌠.....
............# ...#.#.
.# ###....
########....# #..#.#.
.. #...... #....#
..#.# ...#...#..
#....# #.#.#
.._#_..#⌠#
......'....+ #.#.# ##
####### ......#....#
#@..# _. bg....#....#
#...# #.. o...o
#....# #...# .#.
...oo ##...# #.#.#
#### ...o ...# #.#...
.... ...# #.#...#
#K#..<# #.#.#>#
#K#K#.#


You could see a kobold.

Vanquished Creatures
  An orc priest (D:3)
  An orc wizard (D:3)
  3 adders (D:3)
  An ooze (D:1)
  A worm (D:2)
  2 dart slugs
  2 leopard geckos (D:3)
  8 orcs (D:3)
  5 bats
  2 giant cockroaches
  7 goblins
  4 hobgoblins
  3 jackals (D:1)
  A quokka (D:2)
  2 frilled lizards (D:1)
  6 kobolds
  8 rats
57 creatures vanquished.

Vanquished Creatures (others)
  A goblin (D:1)
1 creature vanquished.

Grand Total: 58 creatures vanquished

Notes
Turn   | Place    | Note
-------+----------+-------------------------------------------
     0 | D:1      | Jannitor the Deep Elf Chaos Knight began the quest for the Orb.
     0 | D:1      | Reached XP level 1. HP: 13/13 MP: 3/3
   224 | D:1      | Reached skill level 1 in Stealth
   230 | D:1      | XOM: butterfly on damage
   231 | D:1      | Reached XP level 2. HP: 12/18 MP: 4/4
   262 | D:1      | XOM: divination: detect creatures
   391 | D:1      | XOM: harmless Erth miscast
   888 | D:1      | Reached XP level 3. HP: 22/22 MP: 5/5
   943 | D:1      | XOM: harmless Hex miscast
  1173 | D:2      | Found a shimmering altar of Xom.
  1186 | D:2      | XOM: harmless Chrm miscast
  1263 | D:2      | XOM: silly message
  1279 | D:2      | XOM: harmless Chrm miscast
  1824 | D:3      | Found a sparkling altar of Nemelex Xobeh.
  1826 | D:3      | Found a basalt altar of Yredelemnul.
  1828 | D:3      | Found an iron altar of Okawaru.
  2081 | D:3      | XOM: scenery: 1 doors open
  2091 | D:3      | XOM: mild Erth miscast
  2165 | D:3      | Reached XP level 4. HP: 27/27 MP: 6/6
  2270 | D:3      | XOM: harmless Chrm miscast
  2554 | D:3      | XOM: medium Fire miscast
  2741 | D:3      | XOM: 1-stop teleportation journey
  2771 | D:3      | XOM: polymorph orc -> dart slug
  2778 | D:3      | Reached XP level 5. HP: 32/32 MP: 7/7
  3152 | D:3      | XOM: medium Air miscast
  3176 | D:3      | HP: 1/32 [poison (poison gas)]
  3179 | D:3      | Succumbed to poison (poison gas)

Skill      XL: |  1  2  3  4 |
---------------+-------------+-----
Stealth        | 1 3 |  3.5
Dodging        | 3 |  3.7
Fighting       | 3 |  3.2
Short Blades   | |  3.8
Armour         | |  0.7

Action                   |  1- 3 |  4- 6 || total
-------------------------+-------+-------++-------
Melee: Short sword       |   157 |    91 ||   248
  Use: Scroll            |     4 |       ||     4
       Potion            |     2 |     3 ||     5
 Stab: Sleeping          |     4 |       ||     4
       Paralysed         |     1 |       ||     1
  Eat: Chunk             |     4 |     3 ||     7
Armor: Leather armour    |    54 |    29 ||    83
Dodge: Dodged            |    88 |    69 ||   157
